cohdb
Replays
Latest Replays
All Replays
Popular Replays
Top Player Replays
Match Explorer
How It Works
Community
CoH3 Stats
Reddit
Sign in to upload your games and track your stats! →
Sign in with Steam
Match 42172247
Unlisted
Match 42172247
Overview
Messages
Build Orders
End
Construct Section Command Post
Royal Engineer Section
Selects Canadian Shock Battlegroup
Infantry Section
Infantry Section
Construct Field Infirmary
Selects Attacking Spirit
Selects Canadian Shock Section
Canadian Shock Section
Construct Platoon Command Post
Vickers Machine Gun Team
Humber Armored Car
6-pounder Anti-tank Gun Team
Selects Burnout
Burnout
Construct Company Command Post
Selects Pyrotechnics
Foot Guards Section
Unlock Towed 17-pounder Anti-tank Guns
6-pounder Anti-tank Gun Team
Selects Point Assault
rses54
Nubbl0r
0
0
Comments
sign in to comment!
No comments posted yet!